 Dungeon Crawl Stone Soup version 0.30.0-5-g1a98f26d00 (webtiles) character file.

Game seed: 8640616038417183435

2264 SeerSkye the Covert (level 9, 0/41 HPs)
             Began as a Spriggan Venom Mage on May 8, 2023.
             Was an Initiate of Gozag.
             Killed from afar by a steam dragon (26 damage)
             ... with a ball of steam
             ... on level 9 of the Dungeon.
             The game lasted 00:50:27 (6623 turns).

SeerSkye the Covert (Spriggan Venom Mage)           Turns: 6623, Time: 00:50:28

Health: 0/41       AC:  4    Str:  4    XL:     9   Next: 16%
Magic:  12/14      EV: 18    Int: 19    God:    Gozag
Gold:   225        SH:  5    Dex: 17    Spells: 3/13 levels left

rFire   . . .        e - +0 dagger
rCold   . . .        (no shield)
rNeg    . . .        a - +0 robe
rPois   +            (helmet restricted)
rElec   .            u - +1 cloak {rPois}
rCorr   .            (gloves unavailable)
SInv    +            (boots unavailable)
Will    ++...        i - amulet of reflection
Stlth   +++++        t - ring of poison resistance
HPRegen 0.26/turn    w - ring of willpower
MPRegen 0.14/turn

%: reflection
@: very quick
A: very small, no large weapons, unfitting armour, see invisible, speed 3
a: Renounce Religion, Potion Petition, Call Merchant, Bribe Branch


You were on level 9 of the Dungeon.
You worshipped Gozag.
Gozag was aware of your devotion.
You visited 2 branches of the dungeon, and saw 10 of its levels.

You collected 285 gold pieces.
You paid 60 gold pieces to Gozag.

Inventory:

Hand Weapons
 e - a +0 dagger (weapon)
Missiles
 m - 25 poisoned darts
 H - a curare-tipped dart (quivered)
Armour
 a - a +0 robe (worn)
 p - an orb of guile
 u - a +1 cloak of poison resistance (worn)
Jewellery
 i - an amulet of reflection (around neck)
 t - a ring of poison resistance (left hand)
 v - a ring of resist corrosion
 w - a ring of willpower (right hand)
Wands
 D - a wand of digging (2)
 E - a wand of flame (5)
 F - a wand of roots (14)
 G - a wand of polymorph (8)
Scrolls
 f - a scroll of fear {unknown}
 j - a scroll of brand weapon {unknown}
 l - a scroll of noise {unknown}
 n - 2 scrolls of blinking
 r - 2 scrolls of teleportation {unknown}
 y - a scroll of vulnerability {unknown}
 A - a scroll of enchant weapon {unknown}
 B - a scroll of amnesia {unknown}
Potions
 b - 2 potions of magic
 c - 3 potions of haste
 d - 3 potions of lignification
 g - 4 potions of mutation
 h - a potion of might {unknown}
 k - a potion of experience {unknown}
 o - 4 potions of curing {@q1}
 q - a potion of berserk rage {unknown}
 s - 2 potions of heal wounds {@q2}
 z - a potion of ambrosia {unknown}
 C - a potion of invisibility {unknown}


   Skills:
 + Level 1.3 Fighting
 + Level 1.2 Short Blades
 - Level 3.1 Dodging
 - Level 10.4 Stealth
 - Level 2.6 Spellcasting
 - Level 1.3 Transmutations
 * Level 2.2 Air Magic
 - Level 10.1 Poison Magic


You had 3 spell levels left.
You knew the following spells:

 Your Spells              Type           Power      Damage    Failure   Level
a - Sting                 Tmut/Pois      96%        1d7       1%          1
b - Poisonous Vapours     Pois/Air       52%        N/A       1%          2
c - Mephitic Cloud        Conj/Pois/Air  18%        N/A       9%          3
d - Olgreb's Toxic Radia  Pois           41%        N/A       2%          4

Your spell library contained the following spells:

 Spells                   Type           Power      Damage    Failure   Level
 Slow                     Hex            8%         N/A       16%         1
 Static Discharge         Conj/Air       12%        2-3/arc   16%         2
 Call Canine Familiar     Summ           2%         N/A       43%         3
 Confusing Touch          Hex            2%         N/A       43%         3
 Gell's Gravitas          Tloc           2%         N/A       43%         3
 Portal Projectile        Hex/Tloc       4%         N/A       43%         3
 Teleport Other           Tloc           2%         N/A       43%         3
 Vampiric Draining        Necr           2%         2d6       43%         3
 Airstrike                Air            5%         2d(1-17)  52%         4
 Summon Lightning Spire   Summ/Air       6%         N/A       69%         4
 Leda's Liquefaction      Hex/Erth       1%         N/A       83%         4
 Dispersal                Tloc           1%         N/A       100%        6


Dungeon Overview and Level Annotations

Branches:
Dungeon (9/15) Zot: 26912  Temple (1/1) D:7 Zot: 5864
   Lair: D:8-11         Orc: D:9-12

Altars:
Ashenzari
Dithmenos
Elyvilon
Fedhas
Gozag
Hepliaklqana
Kikubaaqudgha
Nemelex Xobeh
Okawaru
Qazlal
Ru
Sif Muna
Trog
Uskayaw
Vehumet
Wu Jian
Xom
Yredelemnul
Zin
The Shining One

Annotations:
D:2 Jessica
D:3 Grinder, Natasha
D:4 Duvessa
D:5 Sigmund
D:7 Menkaure


Innate Abilities, Weirdness & Mutations

You are very small and have problems with some larger weapons.
You are too small for most types of armour.
You have supernaturally acute eyesight. (SInv)
You cover ground extremely quickly. (Speed+++)


Message History

Okay, then.
You drop an amulet of faith.
Okay, then.
Okay, then.
Okay, then.
Found a stone staircase leading down.
Found a potion of magic.
Found an escape hatch in the ceiling.
b - 2 potions of magic (gained 1)
There is an escape hatch in the ceiling here.
Found 8 gold pieces.
You now have 225 gold pieces (gained 8).
A steam dragon comes into view.
The steam dragon hisses angrily.
Casting: Mephitic Cloud (dangerous; 9% risk of failure)
Confirm with . or Enter, or press ? or * to list all spells.
Aiming: Sting (safe; 1% risk of failure)
Press: ? - help, Shift-Dir - straight line, f - steam dragon
Aim: a steam dragon (76% to hit)
The sting hits the steam dragon.
The steam dragon is poisoned.
The steam dragon is lightly wounded.
The steam dragon breathes steam at you. The ball of steam misses you.
You are engulfed in a cloud of scalding steam.
The steam dragon breathes steam at you. The ball of steam misses you.
The steam dragon breathes steam at you. The ball of steam hits you!
Casting: Sting (safe; 1% risk of failure)
Confirm with . or Enter, or press ? or * to list all spells.
Aiming: Poisonous Vapours (safe; 1% risk of failure)
Press: ? - help, Dir - move target, f/p - steam dragon
Aim: a steam dragon (moderately wounded) Poisonous vapours surround the steam dragon!
The steam dragon is poisoned.
The steam dragon breathes steam at you. The ball of steam hits you!!
Ouch! That really hurt!
You die...
Your body crumbles into a pile of gold.

#...# #.....##########§.....
###...###............§§§§.....
#..................§§§D.......
#......<...........§§.........
#................§............
#...............§.§§##########
#.................§.#
##......######...§..# #......#
#..@...# #......# #......#
#......# #......# ###....#
#......# #....# #......#
#....# #.......
#....######........
####...................
#.........>.....


There were no monsters in sight!

Vanquished Creatures
  A two-headed ogre (D:5)
  A water moccasin (D:6)
  An orc warrior (D:9)
  2 ice beasts
  A sky beast (D:6)
  An ogre (D:4)
  A centaur (D:5)
  A kobold brigand (D:6)
  A bullfrog (D:6)
  4 scorpions
  Crazy Yiuf (D:3)
  A jelly (D:6)
  4 hounds
  2 orc priests (D:7)
  A gnoll bouda (D:6)
  5 iguanas
  An orc wizard (D:9)
  3 gnolls (D:6)
  4 adders
  A shadow imp (D:7)
  A white imp (D:7)
  An ufetubus (D:4)
  A dart slug (D:1)
  23 orcs
  6 bats
  8 endoplasms
  A giant cockroach (D:2)
  5 goblins
  7 hobgoblins
  15 kobolds
  A quokka (D:4)
  5 ball pythons
  5 frilled lizards
  5 rats
121 creatures vanquished.

Vanquished Creatures (others)
  A kobold brigand (D:7)
1 creature vanquished.

Grand Total: 122 creatures vanquished

Notes
Turn   | Place    | Note
-------+----------+-------------------------------------------
     0 | D:1      | SeerSkye the Spriggan Venom Mage began the quest for the
                  | Orb.
     0 | D:1      | Reached XP level 1. HP: 9/9 MP: 5/5
   176 | D:1      | Reached XP level 2. HP: 13/13 MP: 1/6
   244 | D:1      | Learned a level 2 spell: Poisonous Vapours
   766 | D:2      | Noticed Jessica
   795 | D:3      | Noticed Grinder
  1053 | D:2      | Reached XP level 3. HP: 16/16 MP: 2/8
  1154 | D:2      | Learned a level 3 spell: Mephitic Cloud
  1974 | D:3      | Reached XP level 4. HP: 21/21 MP: 2/9
  2003 | D:3      | Noticed Natasha
  2219 | D:3      | Found a runed translucent door.
  2220 | D:3      | Noticed Crazy Yiuf
  2256 | D:3      | Killed Crazy Yiuf
  2257 | D:3      | Reached skill level 5 in Poison Magic
  2321 | D:3      | Paralysed by Grinder for 5 turns
  2434 | D:4      | Noticed an ogre
  2490 | D:4      | Noticed Duvessa
  2515 | D:4      | Killed an ogre
  2516 | D:4      | Reached skill level 5 in Stealth
  2516 | D:4      | Reached XP level 5. HP: 24/24 MP: 2/10
  2609 | D:5      | Entered Level 5 of the Dungeon
  2804 | D:4      | Reached XP level 6. HP: 28/28 MP: 7/11
  3047 | D:4      | Learned a level 4 spell: Olgreb's Toxic Radiance
  3273 | D:5      | Noticed a two-headed ogre
  3668 | D:5      | Noticed Sigmund
  3932 | D:6      | Noticed an ice beast
  3989 | D:6      | Noticed a sky beast
  3992 | D:6      | Noticed a water moccasin
  4070 | D:6      | Reached XP level 7. HP: 32/32 MP: 6/12
  4841 | D:6      | Reached XP level 8. HP: 36/36 MP: 7/13
  5271 | D:5      | Killed a two-headed ogre
  5272 | D:5      | Reached skill level 10 in Stealth
  5272 | D:5      | Reached skill level 10 in Poison Magic
  5526 | D:7      | Found a staircase to the Ecumenical Temple.
  5532 | Temple   | Entered the Ecumenical Temple
  5731 | Temple   | Became a worshipper of Gozag Ym Sagoz the Greedy
  5907 | D:7      | Reached skill level 1 in Air Magic
  5907 | D:7      | Reached XP level 9. HP: 40/40 MP: 7/14
  5980 | D:7      | Noticed Menkaure
  6104 | D:7      | Reached skill level 1 in Fighting
  6521 | D:9      | Reached skill level 1 in Short Blades
  6623 | D:9      | Killed from afar by a steam dragon

Illustrated notes

Levels and vault maps discovered:
D:1:      minmay_arrival_checkered_box, layout_basic, serial_forest,
          infiniplex_forest_clump_curved, infiniplex_forest_clump_curved,
          infiniplex_forest_clump_medium, infiniplex_forest_clump_diagonal,
          infiniplex_forest_clump_medium, infiniplex_forest_lined_ring
D:2:      cheibrodos_helix_gallery, layout_loops_ring, grunt_decor_resistance,
          uniq_jessica
D:3:      layout_rooms, chequers_serial_rivers_micro_b, minmay_door_square,
          kennysheep_donut, wad_rectangle_vault, uniq_grinder,
          uniq_crazy_yiuf_cottage, uniq_natasha, uniq_robin
D:4:      dreamdust_elfheim, layout_loops_ring, minivault_1
D:5:      layout_cave_pods, uniq_sigmund
D:6:      layout_basic, uniq_maggie
D:7:      layout_rooms, minmay_temple_entry_enclosed_plants, uniq_menkaure
D:8:      gammafunk_cloud_chamber, layout_gridville, david_lair_shrubbed,
          special_room [special_room_orc]
D:9:      layout_irregular_city, chequers_serial_rivers_micro_d,
          serial_bayou_pond_c, grunt_decor_mini_mirrors, kennysheep_minor_cross,
          uniq_prince_ribbit1
Temple:   nicolae_temple_slightly_damp_pantheon

Skill      XL: |  1  2  3  4  5  6  7  8  9 |
---------------+----------------------------+-----
Poison Magic   | 4 5 6 7 8 10 | 10.1
Stealth        | 5 6 8 10 | 10.4
Dodging        | 3 |  3.1
Air Magic      | 1 2 |  2.2
Fighting       | 1 |  1.3
Short Blades   | 1 |  1.2
Spellcasting   | |  2.6
Transmutations | |  1.3

Action                     |  1- 3 |  4- 6 |  7- 9 || total
---------------------------+-------+-------+-------++-------
  Melee: Dagger            |    36 |     9 |    17 ||    62
  Throw: Dart              |       |       |     2 ||     2
   Cast: Sting             |    45 |    41 |    72 ||   158
         Poisonous Vapours |    17 |    20 |    17 ||    54
         Olgreb's Toxic Ra |       |       |     8 ||     8
         Mephitic Cloud    |       |       |     3 ||     3
  Evoke: Wand              |       |       |     5 ||     5
    Use: Scroll            |       |     5 |     2 ||     7
   Stab: Sleeping          |    12 |     6 |     4 ||    22
         Distracted        |     1 |       |       ||     1
         Confused          |       |       |     2 ||     2
 Armour: Robe              |     4 |     4 |     3 ||    11
  Dodge: Dodged            |    22 |     9 |    20 ||    51
  Block: Other             |     7 |     2 |     4 ||    13
         Reflection        |       |       |     3 ||     3
